 Dungeon Crawl Stone Soup version 0.21.1 (webtiles) character file.

542 Megalobster the Ruffian (level 7, -1/57 HPs)
             Began as a Ghoul Gladiator on Feb 3, 2018.
             Slain by a sky beast (5 damage)
             ... on level 5 of the Dungeon.
             The game lasted 00:11:34 (4603 turns).

Megalobster the Ruffian (Ghoul Gladiator)           Turns: 4603, Time: 00:11:35

Health: -1/57      AC:  3    Str: 19 (20) XL:     7   Next: 27%
Magic:  6/6        EV: 12    Int:  2 (3)  God:
Gold:   253        SH:  0    Dex:  9 (10) Spells: 6/6 levels left

rFire    . . .     SeeInvis .     - Unarmed
rCold    + . .     Gourm    .   (no shield)
rNeg     + + +     Faith    .   k - -2 robe (curse)
rPois    ∞         Spirit   .   b - +1 helmet
rElec    .         Reflect  .   w - +0 cloak
rCorr    .         Harm     .   (no gloves)
MR       .....                  (no boots)
Stlth    +.........             (no amulet)
HPRegen  0.00/turn              h - ring of flight
MPRegen  0.10/turn              l - ring of wizardry

@: rotting, heavily drained
A: rotting body, claws 1, carnivore, cold resistance 1, negative energy
resistance 3, inhibited regeneration, torment resistance, unbreathing
a: Evoke Flight


You were on level 5 of the Dungeon.
You were not hungry.

You visited 1 branch of the dungeon, and saw 5 of its levels.

You collected 253 gold pieces.

Inventory:

Hand Weapons
 m - a +2 dagger of speed
 o - a cursed -2 dagger
 r - a +1 flail of holy wrath
 x - a +0 antimagic hand axe
 y - a +0 antimagic club
Missiles
 c - 3 throwing nets {!f}
 e - 127 stones (quivered)
Armour
 a - a +0 leather armour
 b - a +1 helmet (worn)
 k - a cursed -2 robe (worn)
 n - a +0 ring mail
 p - a +0 shield
 w - a +0 cloak (worn)
Jewellery
 h - a ring of flight (left claw)
 j - an uncursed ring of magical power
 l - a ring of wizardry (right claw)
 q - an uncursed ring of poison resistance
Scrolls
 g - 4 scrolls of blinking
 A - a scroll of fear
Potions
 f - 2 potions of invisibility
 i - 3 potions of curing {@q1}
 s - a potion of magic
Comestibles
 d - 10 rations


   Skills:
 + Level 3.3(1.8) Fighting
 - Level 1.7(0.3) Throwing
 + Level 1.5(0.1) Armour
 + Level 3.3(1.8) Dodging
 + Level 1.6(0.2) Shields
 * Level 7.3(5.6) Unarmed Combat


You had 6 spell levels left.
You didn't know any spells.

Dungeon Overview and Level Annotations

Branches:
Dungeon (5/15)
 Temple: D:4-7

Altars:
Ashenzari
Fedhas
Kikubaaqudgha
Trog
Uskayaw

Shops:
D:4 =


Innate Abilities, Weirdness & Mutations

Your body is rotting away.
You thrive on raw meat.
You are immune to poison.
You have sharp fingernails.
You are carnivorous and can eat meat at any time.
Your flesh is cold resistant. (rC+)
You are immune to negative energy. (rN+++)
You do not regenerate when monsters are visible.
You are immune to unholy pain and torment.
You can survive without breathing.


Message History

You hear some strange, mumbled words.
Something tries to affect you, but you resist.
As you read the scroll of teleportation, it crumbles to dust.
You feel strangely unstable. Something hits you.
* * * LOW HITPOINT WARNING * * *
You take 1 damage, and have 13/57 hp.
Your surroundings suddenly seem different.
A sky beast comes into view.
You scratch the sky beast.
The sky beast is moderately wounded.
The sky beast hits you.
* * * LOW HITPOINT WARNING * * *
The sky beast shocks you.
* * * LOW HITPOINT WARNING * * *
You take 9 damage, and have 4/57 hp.
You scratch the sky beast.
The sky beast is moderately wounded.
The sky beast hits you.
You die...

....
.
###
..#
#.#
#Y#
#@#
#.#
#.#
#.#
#.#
#..
###


You could see a sky beast.

Vanquished Creatures
  An eye of draining (D:4)
  An orc priest (D:5)
  Crazy Yiuf (D:3)
  A centaur skeleton (D:4)
  3 worker ants
  Natasha (thrice) (D:3)
  10 adders
  3 oozes (D:2)
  5 worms
  A dart slug (D:1)
  6 leopard geckos
  An orc (D:4)
  4 giant cockroaches
  10 goblins
  5 hobgoblins
  17 jackals
  5 quokkas
  8 bats
  3 frilled lizards
  14 kobolds
  4 rats
106 creatures vanquished.

Notes
Turn   | Place    | Note
-------+----------+-------------------------------------------
     0 | D:1      | Megalobster the Ghoul Gladiator began the quest for the Orb.
     0 | D:1      | Reached XP level 1. HP: 17/17 MP: 0/0
   388 | D:1      | Reached XP level 2. HP: 17/24 MP: 1/1
   390 | D:1      | Reached skill level 4 in Unarmed Combat
   799 | D:1      | Reached XP level 3. HP: 22/29 MP: 2/2
  1595 | D:2      | Reached skill level 5 in Unarmed Combat
  1643 | D:2      | Reached XP level 4. HP: 27/36 MP: 3/3
  2243 | D:2      | Reached skill level 6 in Unarmed Combat
  2292 | D:2      | Reached XP level 5. HP: 35/41 MP: 4/4
  2873 | D:3      | Noticed Natasha
  2883 | D:3      | Killed Natasha
  2974 | D:3      | Found a faded altar of an unknown god.
  3093 | D:3      | Noticed Natasha
  3100 | D:3      | Killed Natasha
  3267 | D:3      | Found a runed door.
  3271 | D:3      | Noticed Crazy Yiuf
  3278 | D:3      | Killed Crazy Yiuf
  3278 | D:3      | Reached XP level 6. HP: 44/50 MP: 5/5
  3353 | D:3      | Found a shattered altar of Ashenzari.
  3369 | D:3      | Noticed Natasha
  3382 | D:3      | Killed Natasha
  3719 | D:4      | Found a bloodstained altar of Trog.
  3719 | D:4      | Noticed an eye of draining
  3751 | D:4      | Killed an eye of draining
  3751 | D:4      | Reached skill level 1 in Armour
  3751 | D:4      | Reached skill level 1 in Shields
  3751 | D:4      | Reached skill level 7 in Unarmed Combat
  3958 | D:4      | Found an ancient bone altar of Kikubaaqudgha.
  3960 | D:4      | Found a blossoming altar of Fedhas.
  4011 | D:4      | Reached XP level 7. HP: 48/57 MP: 6/6
  4242 | D:4      | Found Yschob's Jewellery Shop.
  4290 | D:4      | Found a hide-covered altar of Uskayaw.
  4349 | D:5      | Entered Level 5 of the Dungeon
  4603 | D:5      | Slain by a sky beast

Skill      XL: |  1  2  3  4  5  6 |
---------------+-------------------+-----
Unarmed Combat | 4 5 6 7 |  7.3
Dodging        | 3 |  3.3
Armour         | 1 |  1.5
Shields        | 1 |  1.6
Fighting       | 3 |  3.3
Throwing       | |  1.7

Action                   |  1- 3 |  4- 6 |  7- 9 || total
-------------------------+-------+-------+-------++-------
Melee: Unarmed           |   108 |   189 |    57 ||   354
       Punch             |     2 |     6 |     2 ||    10
Throw: Stone             |       |    19 |       ||    19
  Use: Scroll            |     3 |     8 |     1 ||    12
       Potion            |       |       |     2 ||     2
 Stab: Sleeping          |       |     2 |       ||     2
  Eat: Chunk             |     7 |     8 |     4 ||    19
       Ration            |       |       |     1 ||     1
Armor: Leather armour    |    16 |       |       ||    16
       Robe              |    12 |    19 |     7 ||    38
Dodge: Dodged            |    63 |    95 |    22 ||   180
